 Dungeon Crawl Stone Soup version 0.23.0-3-gf3c87f2 (webtiles) character file.

Game seed: 3626841228740465033

11794 vishdafish the Blocker (level 11, -2/89 HPs)
             Began as a Gnoll Fighter on Feb 24, 2019.
             Was an Elder of Yredelemnul.
             Slain by an ice beast (6 damage)
             ... summoned by an ice statue
             ... in an ice cave.
             The game lasted 00:21:16 (11543 turns).

vishdafish the Blocker (Gnoll Fighter)             Turns: 11543, Time: 00:21:17

Health: -2/89      AC: 10    Str: 21    XL:     11   Next: 83%
Magic:  20/20      EV: 12    Int: 12    God:    Yredelemnul [****..]
Gold:   397        SH: 12    Dex: 14    Spells: 23/23 levels left

rFire    + + .     SeeInvis .   z - +4 flail
rCold    + . .     Gourm    .   c - +0 shield
rNeg     . . .     Faith    .   b - +0 scale mail
rPois    +         Spirit   .   (helmet restricted)
rElec    +         Reflect  .   O - +1 cloak
rCorr    +         Harm     .   (no gloves)
MR       .....                  (no boots)
Stlth    ++........             (no amulet)
HPRegen  0.24/turn              (no ring)
MPRegen  0.17/turn              (no ring)

@: resistant
A: distributed training, fangs 1, horns 1, talons 1, fire resistance 1, strong
nose
a: Recall Undead Slaves, Injury Mirror, Animate Dead, Drain Life, Renounce
Religion


You were in an ice cave.
You worshipped Yredelemnul.
Yredelemnul was greatly pleased with you.
You were not hungry.

You visited 2 branches of the dungeon, and saw 12 of its levels.
You also visited: Ice Cave.

You collected 795 gold pieces.
You spent 398 gold pieces at shops.

Inventory:

Hand Weapons
 a - a +0 long sword
 z - a +4 flail (weapon)
 C - a +0 trident
 H - a +0 blowgun
Missiles
 y - 21 tomahawks (quivered)
 F - 8 curare-tipped needles
 I - 4 silver tomahawks
Armour
 b - a +0 scale mail (worn)
 c - a +0 shield (worn)
 s - a +0 cloak
 A - a +0 helmet
 O - a +1 cloak (worn)
Wands
 t - a wand of clouds (17)
 B - a wand of random effects (10)
 L - a wand of enslavement (3)
 M - a wand of digging (3)
 N - a wand of polymorph (7)
Scrolls
 h - a scroll of teleportation
 i - 7 scrolls of enchant armour
 k - 2 scrolls of amnesia
 m - a scroll of blinking
 n - 6 scrolls of remove curse
 o - 2 scrolls of magic mapping
 v - 3 scrolls of random uselessness
 x - 2 scrolls of fear {unknown}
 D - 2 scrolls of enchant weapon
 E - 3 scrolls of silence
 G - a scroll of vulnerability {unknown}
 J - a scroll of summoning {unknown}
Potions
 d - a potion of might
 e - a potion of brilliance
 g - a potion of agility
 j - a potion of lignification {unknown}
 l - a potion of invisibility {unknown}
 p - a potion of degeneration {unknown}
 q - 2 potions of heal wounds
 r - 3 potions of ambrosia {unknown}
 u - 3 potions of curing
 w - a potion of resistance
 K - 3 potions of flight
 P - a potion of haste {unknown}
Comestibles
 f - 18 rations


   Skills:
 + Level 9.3 Fighting
 + Level 6.5 Short Blades
 + Level 8.1 Long Blades
 + Level 6.5 Axes
 + Level 6.5 Maces & Flails
 + Level 6.5 Polearms
 + Level 6.5 Staves
 + Level 6.5 Slings
 + Level 6.5 Bows
 + Level 6.5 Crossbows
 + Level 6.5 Throwing
 + Level 9.3 Armour
 + Level 6.5 Dodging
 + Level 6.5 Stealth
 + Level 9.3 Shields
 + Level 6.5 Unarmed Combat
 + Level 6.5 Spellcasting
 + Level 5.4 Conjurations
 + Level 5.4 Hexes
 + Level 5.4 Charms
 + Level 5.4 Summonings
 + Level 5.4 Necromancy
 + Level 5.4 Translocations
 + Level 5.4 Transmutations
 + Level 5.4 Fire Magic
 + Level 5.4 Ice Magic
 + Level 5.4 Air Magic
 + Level 5.4 Earth Magic
 + Level 5.4 Poison Magic
 + Level 7.2 Invocations
 + Level 6.5 Evocations


You had 23 spell levels left.
You didn't know any spells.
Your spell library contained the following spells:

 Spells                   Type           Power        Failure   Level  Hunger
 Animate Skeleton         Necr           N/A          9%          1    None
 Apportation              Tloc           ###...       9%          1    None
 Confusing Touch          Hex            ###...       9%          1    None
 Flame Tongue             Conj/Fire      ###..        9%          1    None
 Summon Small Mammal      Summ           ###.         9%          1    None
 Throw Flame              Conj/Fire      ###...       14%         2    ##.....
 Conjure Flame            Conj/Fire      ###.....     26%         3    ###....
 Inner Flame              Hex/Fire       ###.....     26%         3    ###....
 Sticky Flame             Conj/Fire      ###.....     65%         4    ####...
 Fireball                 Conj/Fire      ###.......   94%         5    ######.


Dungeon Overview and Level Annotations

Branches:
Dungeon (11/15)            Temple (0/1) D:6             Orc (1/2) D:10
   Lair: D:8-11

Altars:
Ashenzari
Cheibriados
Dithmenos
Fedhas
Gozag
Kikubaaqudgha
Makhleb
Nemelex Xobeh
Okawaru
Ru
Sif Muna
Trog
Uskayaw
Vehumet
Yredelemnul

Shops:
D:5 :   D:7 ?   D:8 *

Annotations:
D:2 1 runed translucent door, Crazy Yiuf IceCv exclusion: ice statue


Innate Abilities, Weirdness & Mutations

Your experience applies equally to all skills.
You have very sharp teeth.
Your uncanny sense of smell can sniff out nearby items.
You have a pair of small horns on your head.
You have sharp toenails.
Your flesh is heat resistant. (rF+)


Message History

The ice statue gestures at you. The shard of ice hits you!
You partially resist.
* * * LOW HITPOINT WARNING * * *
Unknown command.
The ice statue gestures at you. The shard of ice hits you!
You partially resist.
* * * LOW HITPOINT WARNING * * *
Unknown command.
You hit the ice statue.
You destroy the ice statue!
Yredelemnul accepts your kill.
The ice beast disappears in a puff of smoke! x3
You block the ice beast's attack.
You sock the ice beast! You headbutt the ice beast.
The ice beast is severely wounded.
The ice beast hits you.
* * * LOW HITPOINT WARNING * * *
The ice beast freezes you. You resist.
You die...
Your body rises from the dead as a mindless zombie.

#####
#####...##
##........##
##..........
#§.........##
§§.....°....#
.§.....○.§§#
.....°☼YY.#
#8#.°°☼#@#
##..####
#..## ##..##
##..# ##...#
##...##
#...## #...##


You could see 2 ice beasts.

Vanquished Creatures
  A hydra (D:8)
  2 two-headed ogres (D:8)
  Pikel (D:8)
  The ghost of Phong the Destroyer, a novice DrCj (D:7)
  An ice statue (IceCv)
  2 gargoyles (D:8)
  6 slime creatures
  2 dream sheep
  7 yaks
  Eustachio (D:6)
  A hungry ghost (D:10)
  A water moccasin (D:7)
  3 orc warriors
  An ice beast (D:4)
  A black bear (D:7)
  A sky beast (D:6)
  2 ogres
  6 centaurs
  4 big kobolds
  4 bullfrogs
  6 scorpions
  2 water moccasin skeletons
  2 howler monkeys (D:10)
  2 crimson imps
  A quasit (D:8)
  A bullfrog zombie (D:7)
  2 gnoll shamans
  11 orc wizards
  4 orc priests
  7 hounds
  14 jellies
  4 bullfrog skeletons
  A centaur skeleton (D:6)
  Terence (D:2)
  7 iguanas
  8 worker ants
  A killer bee zombie (D:9)
  A howler monkey zombie (D:9)
  9 gnolls
  A worker ant zombie (D:9)
  15 adders
  6 white imps (IceCv)
  5 ufetubi (IceCv)
  12 oozes (D:10)
  2 worms (D:3)
  A dart slug (D:1)
  9 leopard geckos
  37 orcs
  4 ball pythons
  6 bats
  10 giant cockroaches
  12 goblins
  7 hobgoblins
  3 jackals (D:3)
  2 quokkas
  6 frilled lizards
  6 kobolds
  A leopard gecko skeleton (D:7)
  A leopard gecko zombie (D:6)
  A quokka skeleton (D:7)
  4 rats
283 creatures vanquished.

Vanquished Creatures (collateral kills)
  A gargoyle (D:9)
  A slime creature (D:9)
  A wraith (D:9)
  2 orc warriors
  A bullfrog (D:8)
  An orc priest (D:9)
  A hound (D:9)
  A jelly (D:9)
  An orc wizard (D:8)
  A gnoll (D:9)
  2 orcs (D:8)
13 creatures vanquished.

Vanquished Creatures (others)
  A reaper (IceCv)
  A slave (D:8)
  2 wights
  A mummy (D:11)
  3 white imps (IceCv)
  An ufetubus (IceCv)
  An orc (D:8)
  An orc zombie (D:7)
  2 fungi (D:10)
13 creatures vanquished.

Grand Total: 309 creatures vanquished

Notes
Turn   | Place    | Note
-------+----------+-------------------------------------------
     0 | D:1      | vishdafish the Gnoll Fighter began the quest for the Orb.
     0 | D:1      | Reached XP level 1. HP: 23/23 MP: 1/1
    75 | D:1      | Reached XP level 2. HP: 21/29 MP: 2/2
   376 | D:1      | Reached XP level 3. HP: 33/35 MP: 3/3
   883 | D:2      | Found a bloodstained altar of Trog.
   883 | D:2      | Found a faded altar of an unknown god.
   889 | D:2      | Found a burning altar of Makhleb.
   891 | D:2      | Found a basalt altar of Yredelemnul.
   892 | D:2      | Found an iron altar of Okawaru.
   900 | D:2      | Became a worshipper of Yredelemnul the Dark
   930 | D:2      | Found a runed translucent door.
   931 | D:2      | Noticed Crazy Yiuf
  1051 | D:2      | Reached skill level 1 in Invocations
  1169 | D:2      | Found a sparkling altar of Nemelex Xobeh.
  1193 | D:2      | Reached skill level 1 in Short Blades
  1193 | D:2      | Reached skill level 1 in Axes
  1193 | D:2      | Reached skill level 1 in Maces & Flails
  1193 | D:2      | Reached skill level 1 in Polearms
  1193 | D:2      | Reached skill level 1 in Staves
  1193 | D:2      | Reached skill level 1 in Slings
  1193 | D:2      | Reached skill level 1 in Bows
  1193 | D:2      | Reached skill level 1 in Crossbows
  1193 | D:2      | Reached skill level 1 in Throwing
  1193 | D:2      | Reached skill level 1 in Dodging
  1193 | D:2      | Reached skill level 1 in Stealth
  1193 | D:2      | Reached skill level 1 in Unarmed Combat
  1193 | D:2      | Reached skill level 1 in Spellcasting
  1193 | D:2      | Reached skill level 1 in Evocations
  1219 | D:2      | Reached XP level 4. HP: 41/41 MP: 5/5
  1256 | D:2      | Noticed Terence
  1259 | D:2      | Killed Terence
  1696 | D:3      | Reached skill level 1 in Conjurations
  1696 | D:3      | Reached skill level 1 in Hexes
  1696 | D:3      | Reached skill level 1 in Charms
  1696 | D:3      | Reached skill level 1 in Summonings
  1696 | D:3      | Reached skill level 1 in Necromancy
  1696 | D:3      | Reached skill level 1 in Translocations
  1696 | D:3      | Reached skill level 1 in Transmutations
  1696 | D:3      | Reached skill level 1 in Fire Magic
  1696 | D:3      | Reached skill level 1 in Ice Magic
  1696 | D:3      | Reached skill level 1 in Air Magic
  1696 | D:3      | Reached skill level 1 in Earth Magic
  1696 | D:3      | Reached skill level 1 in Poison Magic
  1783 | D:3      | Found a sacrificial altar of Ru.
  1804 | D:3      | Found a radiant altar of Vehumet.
  1827 | D:3      | Found an ancient bone altar of Kikubaaqudgha.
  1828 | D:3      | Found a deep blue altar of Sif Muna.
  1833 | D:3      | Identified Kikubaaqudgha's Compendium of Necromancy
  1851 | D:3      | Found an opulent altar of Gozag.
  1874 | D:3      | Reached * piety under Yredelemnul
  1880 | D:3      | Reached XP level 5. HP: 43/47 MP: 6/6
  2494 | D:4      | Reached XP level 6. HP: 27/53 MP: 8/8
  2621 | D:4      | Reached skill level 5 in Long Blades
  2928 | D:4      | Reached ** piety under Yredelemnul
  3034 | D:5      | Entered Level 5 of the Dungeon
  3034 | D:5      | Noticed an ice beast
  3307 | D:5      | Reached XP level 7. HP: 49/59 MP: 10/10
  3641 | D:5      | Found a shattered altar of Ashenzari.
  4018 | D:5      | Found a blossoming altar of Fedhas.
  4259 | D:5      | Found Emnal's Book Emporium.
  4534 | D:4      | Reached XP level 8. HP: 49/67 MP: 12/12
  4974 | D:6      | Noticed Eustachio
  4989 | D:6      | Killed Eustachio
  5461 | D:6      | Found a staircase to the Ecumenical Temple.
  5578 | D:6      | Noticed a yak
  5603 | D:6      | Reached XP level 9. HP: 72/72 MP: 14/14
  5999 | D:7      | Found Apeu's Magic Scroll Shoppe.
  6013 | D:7      | Bought a scroll of enchant armour for 90 gold pieces
  6013 | D:7      | Bought 2 scrolls of silence for 180 gold pieces
  6013 | D:7      | Bought a scroll of identify for 24 gold pieces
  6341 | D:7      | Reached *** piety under Yredelemnul
  6423 | D:7      | Received a gift from Yredelemnul (a wight)
  6532 | D:7      | Found an opulent altar of Gozag.
  6533 | D:7      | Found a runed translucent gate.
  6533 | D:7      | Found a runed translucent gate.
  6533 | D:7      | Found a runed translucent gate.
  6534 | D:7      | Noticed Phong's ghost (novice DrCj)
  6836 | D:8      | Noticed a two-headed ogre
  6848 | D:8      | Killed a two-headed ogre
  6848 | D:8      | Reached skill level 5 in Invocations
  6848 | D:8      | Reached XP level 10. HP: 80/80 MP: 15/17
  6912 | D:8      | Found Ozafeuskan's Changing Room.
  6929 | D:8      | Bought a potion of mutation for 104 gold pieces
  6929 | D:8      | Gained mutation: You have sharp toenails. [potion of
                  | mutation]
  6929 | D:8      | Gained mutation: Your flesh is heat resistant. (rF+)
                  | [potion of mutation]
  6929 | D:8      | Gained mutation: You have a pair of small horns on your
                  | head. [potion of mutation]
  6973 | D:8      | Noticed a two-headed ogre
  6983 | D:8      | Killed a two-headed ogre
  6983 | D:8      | Reached skill level 5 in Short Blades
  6983 | D:8      | Reached skill level 5 in Axes
  6983 | D:8      | Reached skill level 5 in Maces & Flails
  6983 | D:8      | Reached skill level 5 in Polearms
  6983 | D:8      | Reached skill level 5 in Staves
  6983 | D:8      | Reached skill level 5 in Slings
  6983 | D:8      | Reached skill level 5 in Bows
  6983 | D:8      | Reached skill level 5 in Crossbows
  6983 | D:8      | Reached skill level 5 in Throwing
  6983 | D:8      | Reached skill level 5 in Dodging
  6983 | D:8      | Reached skill level 5 in Stealth
  6983 | D:8      | Reached skill level 5 in Unarmed Combat
  6983 | D:8      | Reached skill level 5 in Spellcasting
  6983 | D:8      | Reached skill level 5 in Evocations
  7223 | D:8      | Noticed Pikel
  7232 | D:8      | Killed Pikel
  7282 | D:8      | Noticed a gargoyle
  7296 | D:8      | Killed a gargoyle
  7413 | D:8      | Noticed a three-headed hydra
  7419 | D:8      | Killed a three-headed hydra
  7560 | D:8      | Noticed a gargoyle
  7563 | D:8      | Reached XP level 11. HP: 72/87 MP: 19/19
  7568 | D:8      | Received a gift from Yredelemnul (a wight)
  8158 | D:9      | Reached **** piety under Yredelemnul
  8207 | D:9      | Reached skill level 5 in Conjurations
  8207 | D:9      | Reached skill level 5 in Hexes
  8207 | D:9      | Reached skill level 5 in Charms
  8207 | D:9      | Reached skill level 5 in Summonings
  8207 | D:9      | Reached skill level 5 in Necromancy
  8207 | D:9      | Reached skill level 5 in Translocations
  8207 | D:9      | Reached skill level 5 in Transmutations
  8207 | D:9      | Reached skill level 5 in Fire Magic
  8207 | D:9      | Reached skill level 5 in Ice Magic
  8207 | D:9      | Reached skill level 5 in Air Magic
  8207 | D:9      | Reached skill level 5 in Earth Magic
  8207 | D:9      | Reached skill level 5 in Poison Magic
  8374 | D:10     | Entered Level 10 of the Dungeon
  8818 | D:9      | Found a hide-covered altar of Uskayaw.
  8871 | D:9      | Received a gift from Yredelemnul (a mummy)
  9157 | D:9      | Found a shadowy altar of Dithmenos.
  9418 | D:9      | Found a snail-covered altar of Cheibriados.
  9616 | D:10     | Found a staircase to the Orcish Mines.
 10175 | D:11     | Noticed a cyclops
 10807 | D:7      | Killed Phong's ghost
 10807 | D:7      | Received a gift from Yredelemnul (a wraith)
 10990 | Orc:1    | Entered Level 1 of the Orcish Mines
 10991 | Orc:1    | Found a frozen archway.
 11005 | IceCv    | Entered an ice cave
 11361 | IceCv    | Killed a reaper
 11543 | IceCv    | HP: 4/89 [ice beast[an ice statue] (3)]
 11543 | IceCv    | Slain by an ice beast

Skill      XL: |  1  2  3  4  5  6  7  8  9 10 11 |
---------------+----------------------------------+-----
Invocations    | 1 2 3 4 5 6 7 |  7.2
Short Blades   | 1 2 3 4 5 6 |  6.5
Axes           | 1 2 3 4 5 6 |  6.5
Maces & Flails | 1 2 3 4 5 6 |  6.5
Polearms       | 1 2 3 4 5 6 |  6.5
Staves         | 1 2 3 4 5 6 |  6.5
Slings         | 1 2 3 4 5 6 |  6.5
Bows           | 1 2 3 4 5 6 |  6.5
Crossbows      | 1 2 3 4 5 6 |  6.5
Throwing       | 1 2 3 4 5 6 |  6.5
Dodging        | 1 2 3 4 5 6 |  6.5
Stealth        | 1 2 3 4 5 6 |  6.5
Unarmed Combat | 1 2 3 4 5 6 |  6.5
Spellcasting   | 1 2 3 4 5 6 |  6.5
Evocations     | 1 2 3 4 5 6 |  6.5
Conjurations   | 1 2 3 4 5 |  5.4
Hexes          | 1 2 3 4 5 |  5.4
Charms         | 1 2 3 4 5 |  5.4
Summonings     | 1 2 3 4 5 |  5.4
Necromancy     | 1 2 3 4 5 |  5.4
Translocations | 1 2 3 4 5 |  5.4
Transmutations | 1 2 3 4 5 |  5.4
Fire Magic     | 1 2 3 4 5 |  5.4
Ice Magic      | 1 2 3 4 5 |  5.4
Air Magic      | 1 2 3 4 5 |  5.4
Earth Magic    | 1 2 3 4 5 |  5.4
Poison Magic   | 1 2 3 4 5 |  5.4
Long Blades    | 5 6 7 8 |  8.1
Fighting       | 7 8 9 |  9.3
Armour         | 7 8 9 |  9.3
Shields        | 7 8 9 |  9.3

Action                   |  1- 3 |  4- 6 |  7- 9 | 10-12 || total
-------------------------+-------+-------+-------+-------++-------
Melee: Long sword        |   109 |   179 |    90 |       ||   378
       Bite              |    11 |    22 |    45 |    53 ||   131
       Flail             |       |       |   221 |   396 ||   617
       Kick              |       |       |       |   137 ||   137
       Headbutt          |       |       |       |    74 ||    74
Throw: Tomahawk          |       |       |       |     2 ||     2
Invok: Animate Dead      |       |       |     1 |     1 ||     2
       Drain Life        |       |       |       |     3 ||     3
       Recall Undead Sla |       |       |       |     1 ||     1
Evoke: Wand              |       |       |     6 |     6 ||    12
  Use: Scroll            |       |     3 |     6 |     7 ||    16
       Potion            |       |       |       |     6 ||     6
 Stab: Sleeping          |       |       |       |     1 ||     1
  Eat: Chunk             |     1 |     3 |     9 |    14 ||    27
       Ration            |       |     1 |     1 |     3 ||     5
Armor: Scale mail        |    55 |    40 |   100 |   153 ||   348
Dodge: Dodged            |    57 |    56 |   128 |   242 ||   483
Block: Shield            |    76 |    80 |   198 |   277 ||   631
       Rpst.: Long sword |    16 |    26 |     7 |       ||    49
